 BcadrenCrawl: Boulder Brew version 0.04.2-17-g662d9223eb (webtiles) character file.

Game seed: 4437298591035432910, levelgen mode: deterministic

2013 diana the Nimble (level 9, -4/57 HPs) Kobold Gladiator. Began on May 16, 2021. Slain by a guardian mummy ... wielding a +0 hatchet of freezing (9 damage) ... on level 3 of the Dungeon. The game lasted 00:07:03 (3353 turns).

diana the Nimble (Kobold Gladiator)                 Turns: 3353, Time: 00:07:05

Health: -4/57      AC:  8    Str: 11    XL:     9 ^: 1033
Magic:  10/10      EV: 22    Int: 10    God:
Gold:   133        SH:  0    Dex: 19    Spells: 8/8 levels left

rFire    + . .     Vision   .   a - +0 rapier
rCold    . . .     Gourm    .   (weapon restricted)
rNeg     . . .     Faith    .   v - +2 leather armour {rF+}
rPois    .         Spirit   .   u - +2 helmet
rElec    .         Reflect  .   (no cloak)
rCorr    .         Harm     .   (no gloves)
MR       .....                  (no boots)
Stlth    +.........             l - amulet of rage
HPRegen  0.29/turn              b - ring of slaying
MPRegen  0.20/turn              (no ring)

@: about to teleport, very slightly contaminated
A: small, carnivore
a: Evoke Berserk Rage


You were on level 3 of the Dungeon.
You were not hungry.

You visited 1 branch of the dungeon, and saw 3 of its levels.

You collected 133 gold pieces.

Inventory:

Weapons
 a - a +0 rapier (weapon)
Armour
 u - a +2 helmet (worn)
 v - a +2 leather armour of fire resistance (worn)
Jewellery
 b - a ring of slaying (left hand)
 c - an uncursed amulet of faith
 l - an amulet of rage (around neck)
Wands
 d - a wand of ensnaring (9)
 n - a wand of acid (1)
Scrolls
 h - a scroll of summoning
 j - a scroll of fear
 k - 2 scrolls of bless item
 q - 2 scrolls of fog
 r - 3 scrolls of magic mapping
Potions
 e - 2 potions of curing
 i - a potion of heal wounds
 m - a potion of cure mutation
 o - a potion of brilliance
 p - a potion of agility
 s - a potion of invisibility
Comestibles
 f - 10 rations


   Skills:
 + Level 7.6 Fighting
 + Level 9.0 Short Blades
 + Level 9.0 Dodging
 - Level 2.3 Evocations


You had 8 spell levels left.
You didn't know any spells.
Your spell library was empty.

Dungeon Overview and Level Annotations

Branches:
Dungeon (3/8)

Altars:


Innate Abilities, Weirdness & Mutations

You are small and have problems with some larger weapons.
You are carnivorous and can eat meat at any time.


Message History

The worker ant simulacrum blinks! x2; The quokka simulacrum blinks!
You blink.
You enter a dispersal trap!
The guardian mummy blinks!
The giant cockroach simulacrum blinks!
The worker ant simulacrum blinks!
The adder simulacrum blinks!
The worker ant simulacrum blinks!
You blink.
You hit the guardian mummy (1). The guardian mummy blocks your attack.
The guardian mummy is severely damaged. (17/49) HP The guardian mummy blocks your attack.
You hit the guardian mummy (3).
The guardian mummy is severely damaged. (14/49) HP The guardian mummy hits you with a +0 hatchet of freezing (10)!
* * * LOW HITPOINT WARNING * * *
The guardian mummy freezes you (3).
* * * LOW HITPOINT WARNING * * *
The giant cockroach simulacrum barely misses you (0).
As you read the scroll of teleportation, it crumbles to dust.
You feel strangely unstable.
The adder simulacrum completely misses you (0).
The worker ant simulacrum barely misses you (0).
The giant cockroach simulacrum misses you (0).
The guardian mummy hits you with a +0 hatchet of freezing (9)!
You die...

........[..##.##.....#
#.#..##.#
####.##.......##.....#
#.#.###†# #
#.............##### #.#.###.#
#
#####.###......#######.......#
# #.# #.####........##.##### #
#.###.####..#####.##.#
########.......######.......#
.........###.#.##8##..##.####
##..####.# #.###@Z.#####.#
.#..####.# #..#ZMZ.$####.#
......##.# ####.§§..#....#
##..#.##.# ##..Z#######
##>.#.##.# ##.## .........#
#'# ######.##### ##Z## ###
#.##..## ##§ZZ## ..#
####....###..§..##


You could see a guardian mummy, 2 adder simulacra, 2 worker ant simulacra and a
giant cockroach simulacrum.

Vanquished Creatures
  Eustachio (D:3)
  4 scorpions (D:3)
  A porcupine (D:3)
  Ijyb (D:2)
  2 crocodiles (D:2)
  A bullfrog (D:2)
  3 big kobolds (D:2)
  A crimson imp (D:3)
  5 jellies (D:2)
  A spectral ogre (D:3)
  A mummy (D:3)
  2 worker ants (D:3)
  9 giant cockroaches
  An iron imp (D:3)
  2 porcupine skeletons (D:3)
  3 adders (D:2)
  7 gnolls (D:3)
  21 sewer rats (D:2)
  A porcupine simulacrum (D:3)
  A spectral hound (D:3)
  2 worms (D:2)
  12 cinder newts
  A spectral worker ant (D:3)
  2 oozes (D:2)
  4 leopard geckos (D:2)
  3 orcs (D:3)
  3 spectral adders (D:3)
  4 adder skeletons
  A cinder newt skeleton (D:2)
  7 hobgoblins
  3 jackals (D:3)
  2 quokkas (D:3)
  5 ball pythons (D:2)
  4 bats
  A bat skeleton (D:2)
  6 goblins (D:1)
  A hobgoblin skeleton (D:2)
  A jackal skeleton (D:3)
  15 kobolds
  A quokka simulacrum (D:3)
  6 rats (D:1)
  A spectral jackal (D:3)
  A spectral leopard gecko (D:3)
  9 withered plants (D:2)
163 creatures vanquished.

Vanquished Creatures (others)
  A bat (D:2)
  5 kobolds (D:2)
  A bat skeleton (D:2)
  88 withered plants (D:2)
95 creatures vanquished.

Grand Total: 258 creatures vanquished

Notes
Turn   | Place    | Note
-------+----------+-------------------------------------------
     0 | D:1      | diana the Kobold Gladiator began the quest for the Orb.
     0 | D:1      | Reached XP level 1. HP: 12/12 MP: 2/2
    23 | D:1      | Reached XP level 2. HP: 18/18 MP: 3/3
    68 | D:1      | Reached XP level 3. HP: 22/22 MP: 4/4
   168 | D:1      | Reached XP level 4. HP: 27/27 MP: 5/5
   568 | D:2      | Reached XP level 5. HP: 32/32 MP: 6/6
   633 | D:2      | Reached skill level 5 in Dodging
   653 | D:2      | Reached skill level 5 in Short Blades
   686 | D:2      | Reached XP level 6. HP: 35/38 MP: 7/7
   971 | D:2      | Reached XP level 7. HP: 43/44 MP: 8/8
  1280 | D:2      | Noticed Ijyb
  1295 | D:2      | Reached skill level 5 in Fighting
  1299 | D:2      | Killed Ijyb
  1421 | D:2      | Reached XP level 8. HP: 50/50 MP: 9/9
  1543 | D:2      | Found a faded altar of an unknown god.
  2908 | D:3      | Reached XP level 9. HP: 46/56 MP: 10/10
  3058 | D:3      | Noticed Eustachio
  3096 | D:3      | Killed Eustachio
  3353 | D:3      | Slain by a guardian mummy

Levels and vault maps discovered:
D:1:      evilmike_arrival_hilbert_curve, layout_rooms, minmay_vboxes
D:2:      cheibrodos_thug_alley, layout_sewer, first_ration,
          chequers_ecumenical_altar_twisty, uniq_ijyb
D:3:      layout_loops_cross, ossuary_minmay_four_chambers, uniq_eustachio

Skill      XL: |  1  2  3  4  5  6  7  8  9 |
---------------+----------------------------+-----
Short Blades   | 4 5 6 8 9 |  9.0
Dodging        | 4 5 6 8 9 |  9.0
Fighting       | 3 4 5 6 7 |  7.6
Evocations     | |  2.3

Action                   |  1- 3 |  4- 6 |  7- 9 || total
-------------------------+-------+-------+-------++-------
Melee: Rapier            |    23 |    78 |   316 ||   417
       Unarmed           |    11 |    48 |   222 ||   281
  Use: Scroll            |       |       |     2 ||     2
 Stab: Sleeping          |       |       |     2 ||     2
  Eat: Chunk             |       |       |    12 ||    12
Armor: Leather armour    |     1 |     7 |    29 ||    37
Dodge: Dodged            |    14 |    62 |   270 ||   346
